 Dungeon Crawl Stone Soup version 0.28.0-47-ge53b351184 (webtiles) character file.

Game seed: 9994160341006716826

482 Kenran the Ruffian (level 7, -4/48 HPs)
             Began as an Octopode Fighter on Apr 27, 2022.
             Slain by a black bear (6 damage)
             ... on level 5 of the Dungeon.
             The game lasted 00:09:44 (4046 turns).

Kenran the Ruffian (Octopode Fighter)               Turns: 4046, Time: 00:09:45

Health: -4/48      AC:  1    Str: 13 (16) XL:     7   Next: 12%
Magic:  7/7        EV: 17    Int:  8 (10) God:
Gold:   239        SH:  4    Dex: 10 (13) Spells: 6/6 levels left

rFire   . . .      SeeInvis .     - Unarmed
rCold   . . .      Faith    .   a - +0 buckler
rNeg    . . .      Spirit   .   (helmet restricted)
rPois   .          Reflect  .   (no amulet)
rElec   .          Harm     .   q - +4 ring of evasion
rCorr   .          Rampage  .   (no ring)
Will    .....                   (no ring)
Stlth   +++.......              (no ring)
HPRegen 0.16/turn               (no ring)
MPRegen 0.10/turn               (no ring)
                                (no ring)
                                (no ring)

@: mighty, lethally poisoned (-4 -> -6)
A: almost no armour, amphibious, 8 rings, camouflage 1, gelatinous body 1,
(nimble swimmer 1), tentacles
a: no special abilities


You were on level 5 of the Dungeon.
You visited 1 branch of the dungeon, and saw 5 of its levels.

You collected 239 gold pieces.

Inventory:

Hand Weapons
 o - a +1 trident of venom
Missiles
 f - 129 stones (quivered)
 g - 3 poisoned darts
Armour
 a - a +0 buckler (worn)
Jewellery
 e - an amulet of faith
 q - a +4 ring of evasion (left tentacle)
Wands
 j - a wand of iceblast (10)
Scrolls
 c - 2 scrolls of fog
 d - a scroll of brand weapon
 h - 3 scrolls of holy word
 l - 2 scrolls of teleportation
 n - 2 scrolls of enchant weapon
Potions
 k - a potion of curing {unknown}
 m - a potion of resistance {unknown}
 p - a potion of heal wounds {unknown}


   Skills:
 - Level 4.0 Fighting
 + Level 3.9 Dodging
 - Level 3.0 Stealth
 - Level 4.0 Shields
 * Level 5.4 Unarmed Combat


You had 6 spell levels left.
You didn't know any spells.
Your spell library contained the following spells:

 Spells                   Type           Power      Damage    Failure   Level
 Ensorcelled Hibernation  Hex/Ice        0%         N/A       63%         2
 Passwall                 Tmut/Erth      0%         N/A       63%         2
 Swiftness                Air            0%         N/A       86%         3


Dungeon Overview and Level Annotations

Branches:
Dungeon (5/15)
 Temple: D:4-7

Altars:
Cheibriados
Dithmenos
Hepliaklqana
Qazlal
Ru
Trog
Uskayaw

Annotations:
D:4 exclusion: 2 downstairs


Innate Abilities, Weirdness & Mutations

You cannot wear most types of armour.
You are amphibious.
You can wear up to eight rings at the same time.
Your skin changes colour to match your surroundings (Stealth+).
Your rubbery body absorbs attacks. (AC +1, EV +1)
((You are camouflaged when in or above water. (Stealth+)))
You have tentacles for arms and can constrict up to eight enemies at once.


Message History

You constrict the adder. The adder bites you.
You are poisoned.
The adder poisons you! The adder misses you.
You tentacle-slap the adder. You squeeze the adder.
You kill the adder!
You feel sick.
The centaur shoots an arrow.
The arrow closely misses you.
Training target 4.0 for Fighting reached!
Training target 4.0 for Shields reached!
Your Fighting skill increases to level 4!
Your Shields skill increases to level 4!
You feel sick.
The centaur unwields a +0 shortbow.
You block the centaur's attack. The centaur barely misses you.
The black bear barely misses you. The black bear completely misses you.
The black bear closely misses you.
Unknown command.
You closely miss the centaur.
You feel sick. The centaur misses you. The centaur kicks you.
* * * LOW HITPOINT WARNING * * *
The black bear barely misses you. You block the black bear's attack.
The black bear claws you.
* * * LOW HITPOINT WARNING * * *
The centaur hits you.
* * * LOW HITPOINT WARNING * * *
The centaur barely misses you.
Okay, then.
You barely miss the centaur.
* * * LOW HITPOINT WARNING * * *
You feel sick. The centaur barely misses you. The centaur kicks you.
* * * LOW HITPOINT WARNING * * *
The black bear misses you. The black bear barely misses you.
You block the black bear's attack.
Unknown command.
Unknown command.
You bludgeon the black bear! You grab the black bear.
The black bear is moderately wounded.
You constrict the black bear.
* * * LOW HITPOINT WARNING * * *
You feel sick. The centaur misses you. The centaur completely misses you.
The black bear bites you.
You die...

^... ...# ...# #. #.#
...# #.##.# ...# ##.....
... . ##...#.##
###h####.##[......
#.@c.....#.......##
#######.#.##.....?......#
#.........##..........<#
#.#####)........#........
#.........##...###.
#.......#.###.# .
##...#.##.# #.#
##.....##.# #h##
#.......#.# #..#


You could see a black bear and a centaur.

Vanquished Creatures
  A water moccasin (D:5)
  A phantom (D:4)
  A scorpion (D:4)
  A hound (D:5)
  A jelly (D:4)
  A hound skeleton (D:4)
  8 adders
  A worm (D:3)
  2 dart slugs
  7 orcs
  10 ball pythons
  6 bats
  5 endoplasms
  4 giant cockroaches
  15 goblins
  10 hobgoblins
  4 quokkas
  6 frilled lizards
  8 kobolds
  4 rats
96 creatures vanquished.

Notes
Turn   | Place    | Note
-------+----------+-------------------------------------------
     0 | D:1      | Kenran the Octopode Fighter began the quest for the Orb.
     0 | D:1      | Reached XP level 1. HP: 16/16 MP: 1/1
   206 | D:1      | Reached skill level 1 in Stealth
   365 | D:1      | Reached XP level 2. HP: 21/21 MP: 2/2
   547 | D:1      | Found a faded altar of an unknown god.
   667 | D:1      | Reached skill level 3 in Unarmed Combat
   667 | D:1      | Reached XP level 3. HP: 21/26 MP: 3/3
  1075 | D:2      | Found a stormy altar of Qazlal.
  1560 | D:2      | Reached XP level 4. HP: 31/31 MP: 4/4
  1845 | D:3      | Reached skill level 4 in Unarmed Combat
  2093 | D:3      | Found a snail-covered altar of Cheibriados.
  2094 | D:3      | Found a shadowy altar of Dithmenos.
  2094 | D:3      | Found a hide-covered altar of Uskayaw.
  2094 | D:3      | Found a bloodstained altar of Trog.
  2228 | D:3      | Reached XP level 5. HP: 33/36 MP: 5/5
  2288 | D:3      | Found a sacrificial altar of Ru.
  2295 | D:3      | Found a hazy altar of Hepliaklqana.
  3075 | D:4      | Reached XP level 6. HP: 17/42 MP: 6/6
  3127 | D:4      | Reached skill level 5 in Unarmed Combat
  3470 | D:4      | Found a sand-covered staircase.
  3919 | D:5      | Entered Level 5 of the Dungeon
  3925 | D:5      | Noticed a black bear
  3970 | D:5      | Noticed a water moccasin
  4028 | D:5      | Killed a water moccasin
  4029 | D:5      | Reached XP level 7. HP: 36/47 MP: 7/7
  4046 | D:5      | HP: 2/48 [poisoned by an adder]
  4046 | D:5      | Slain by a black bear

Illustrated notes

Levels and vault maps discovered:
D:1:      arrival_zaba_pyramid, layout_rooms, ebering_ecumenical_altar_rust,
          minmay_stone_trees_small
D:2:      layout_rooms, basic_altar
D:3:      cheibrodos_greedy_goblins, layout_basic,
          mainiacjoe_overflow_catwalk_spiral,
          chequers_temple_overflow_statue_of_worship, minmay_fractal_squares_5
D:4:      layout_loops_ring, nicolae_ossuary_entry_plus,
          minmay_misc_feat_diagonals, kennysheep_generic_room_2
D:5:      layout_loops_cross, minmay_temple_entry_junction_2, serial_shops,
          kennysheep_mini, uniq_ijyb

Skill      XL: |  1  2  3  4  5  6  7 |
---------------+----------------------+-----
Stealth        | 1 2 3 |  3.0
Unarmed Combat | 3 4 5 |  5.4
Fighting       | 4 |  4.0
Shields        | 4 |  4.0
Dodging        | |  3.9

Action                   |  1- 3 |  4- 6 |  7- 9 || total
-------------------------+-------+-------+-------++-------
Melee: Unarmed           |    70 |   121 |    10 ||   201
       Tentacles         |    20 |    28 |     3 ||    51
       Constrict         |    18 |    33 |     2 ||    53
       Punch             |       |     7 |       ||     7
Throw: Stone             |     9 |    25 |       ||    34
Evoke: Wand              |       |     1 |       ||     1
  Use: Scroll            |       |     6 |       ||     6
       Potion            |       |     1 |     1 ||     2
 Stab: Sleeping          |     9 |     5 |       ||    14
Armor: Skin              |     2 |     2 |       ||     4
Dodge: Dodged            |    27 |    54 |    17 ||    98
Block: Buckler           |    18 |    17 |     3 ||    38
